Map: King's Cove LE

Players

Angel

  • Race: Zerg Zerg
  • League: Platinum
  • Spawn Location: 11:00

Woah - Winner!

  • Race: Terran Terran
  • Spawn Location: 5:00

VOD

Have the link to the VOD?

Description

Time

  • Played on: June 12, 2019, 5:38 a.m.
  • Length: 6:45
Show
View Real Time Build Order
Export as new Build Order

Angel Zerg 

Build Orders: Hatch First 

Get SALT Encoding   

  12  0:01  Drone  
  13  0:13  Overlord  
  13  0:18  Drone  
  14  0:32  Drone x2  
  16  0:53  Hatchery  
  16  0:56  Drone  
  16  1:08  Spawning Pool  
  16  1:10  Extractor  
  14  1:13  Drone  
  15  1:19  Drone  
  15  1:24  Drone x2  
  18  1:38  Drone  
  19  1:55  Zergling x2  
  19  1:56  Zergling x2  
  21  2:06  Queen x2  
  21  2:08  Drone  
  26  2:12  Metabolic Boost  
  27  2:22  Drone  
  27  2:23  Drone  
  28  2:31  Overlord  
  28  2:58  Zergling x6, Drone  
  30  2:59  Drone x2  
  31  3:25  Zergling x6  
  31  3:26  Drone x3  
  34  3:37  Spine Crawler  
  34  3:40  Zergling x6  
  31  3:53  Zergling x6  
  31  3:54  Zergling x2  
  29  4:05  Zergling x2  
  29  4:06  Zergling x8  
  30  4:18  Drone  
  30  4:19  Drone  
  30  4:20  Zergling x4  
  33  4:31  Queen  
  35  4:32  Overlord  
  35  4:48  Zergling x6  
  35  4:52  Zergling x2  
  35  4:53  Zergling x4  
  35  4:55  Drone x2  
  39  5:05  Zergling x4  
  31  5:28  Zergling x8  
  30  5:35  Spine Crawler  
  13  5:48  Zergling x4  
  13  5:49  Zergling x4  
  6  6:02  Drone  
  7  6:15  Drone x2  
Show
View Real Time Build Order
Export as new Build Order

Woah Terran - Winner!

Build Orders:  

Get SALT Encoding   

  12  0:02  SCV  
  13  0:14  SCV  
  13  0:19  Supply Depot  
  14  0:26  SCV  
  15  0:41  SCV  
  15  0:42  Barracks  
  16  0:47  Refinery  
  16  1:03  SCV, Barracks  
  17  1:16  SCV  
  18  1:29  Orbital Command  
  18  1:30  Reaper  
  19  1:39  Barracks  
  19  1:45  Refinery  
  19  1:52  Reaper  
  20  1:59  Supply Depot  
  20  2:07  SCV  
  21  2:10  Reaper  
  22  2:20  SCV  
  23  2:24  Reaper  
  23  2:28  Reaper  
  25  2:42  Reaper  
  26  2:56  Supply Depot  
  26  2:59  Reaper  
  26  3:00  Engineering Bay  
  27  3:18  Reaper x2  
  28  3:31  Reaper  
  29  3:44  Command Center  
  29  3:50  Reaper  
  29  4:10  Reaper x2  
  30  4:22  Reaper  
  31  4:35  Terran Infantry Weapons Level 1  
  31  4:42  Reaper x2  
  31  4:55  Reaper  
  32  5:14  Reaper  
  31  5:32  Orbital Command  
  29  5:38  Reaper x2  
  25  6:08  Reaper  
  25  6:10  Reaper  
Tags
 
League
Platinum
Matchup
TvZ
Replay Pack
r1
Spawn Locations
Cross Positions
Add a new tag
Caveats
  • Supply blocks, unpowered buildings, or Contaminate may cause inaccurate times.
  • Supply counts are checked every 10 seconds.